 Dungeon Crawl Stone Soup version 0.24.0-123-gd5b16e6ec5 (webtiles) character file.

Game seed: 17177903532511167247, levelgen mode: deterministic

353 vurker the Gusty (level 6, -3/35 HPs)
             Began as a Tengu Air Elementalist on Jan 19, 2020.
             Shot with an arrow by a centaur (6 damage)
             ... on level 4 of the Dungeon.
             The game lasted 00:06:39 (4276 turns).

vurker the Gusty (Tengu Air Elementalist)           Turns: 4276, Time: 00:06:39

Health: -3/35      AC:  4    Str:  8    XL:     6   Next: 62%
Magic:  0/12       EV: 15    Int: 17    God:
Gold:   241        SH:  0    Dex: 15    Spells: 2/12 levels left

rFire    + . .     SeeInvis .   q - +1 dagger (venom)
rCold    + . .     Gourm    +   (no shield)
rNeg     . . .     Faith    .   a - +0 robe
rPois    +         Spirit   .   (helmet restricted)
rElec    +         Reflect  .   s - +1 cloak
rCorr    +         Harm     .   (no gloves)
MR       .....                  (boots unavailable)
Stlth    ++........             l - amulet of the gourmand
HPRegen  0.11/turn              (no ring)
MPRegen  0.13/turn              (no ring)

@: resistant, flying quickly and evasively, hasted, very quick
A: beak, talons 3, able to fly
a: Fly


You were on level 4 of the Dungeon.
You were completely stuffed.

You visited 1 branch of the dungeon, and saw 4 of its levels.

You collected 241 gold pieces.

Inventory:

Hand Weapons
 q - a +1 dagger of venom (weapon)
   (You took it off an orc wizard on level 3 of the Dungeon)
Missiles
 g - 2 throwing nets (quivered)
Armour
 a - a +0 robe (worn)
 b - a +0 buckler
   (You found it on level 4 of the Dungeon)
 s - a +1 cloak (worn)
   (You found it on level 4 of the Dungeon)
Jewellery
 l - an amulet of the gourmand (around neck)
   (You found it on level 3 of the Dungeon)
Scrolls
 c - 2 scrolls of noise {unknown}
 f - a scroll of identify {unknown}
 h - 3 scrolls of remove curse
 i - a scroll of fog {unknown}
 k - a scroll of immolation {unknown}
 r - a scroll of random uselessness {unknown}
Potions
 d - a potion of brilliance {unknown}
 m - a potion of resistance
 n - a potion of heal wounds {unknown}
 o - a potion of flight
 p - a potion of magic {unknown}
 u - a potion of ambrosia {unknown}
Comestibles
 e - 5 rations
 t - 6 chunks of flesh


   Skills:
 + Level 2.1 Fighting
 - Level 2.1 Dodging
 - Level 2.0 Stealth
 + Level 0.6 Shields
 * Level 3.5 Spellcasting
 * Level 4.6 Conjurations
 * Level 6.1 Air Magic


You had 2 spell levels left.
You knew the following spells:

 Your Spells              Type           Power        Failure   Level  Hunger
a - Shock                 Conj/Air       ###.         1%          1    None
b - Lightning Bolt        Conj/Air       ###.......   45%         5    ######.
c - Airstrike             Air            ###.......   13%         4    ####...

Your spell library contained the following spells:

 Spells                   Type           Power        Failure   Level  Hunger
 Swiftness                Chrm/Air       ##......     7%          2    ##.....
 Static Discharge         Conj/Air       ###.....     5%          3    ###....


Dungeon Overview and Level Annotations

Branches:
Dungeon (4/15)
 Temple: D:4-7

Altars:
Dithmenos
Gozag
Makhleb
Ru

Annotations:
D:4 Blork the orc


Innate Abilities, Weirdness & Mutations

You have a beak for a mouth.
You have claws for feet.
You can fly continuously.


Message History

Aim: a hobgoblin, wielding a +0 club (severely wounded)
The zap hits the hobgoblin.
You kill the hobgoblin!
Aim: Blork the orc, wielding a +0 glaive and wearing a +0 robe The zap hits Blork the orc.
Aim: Blork the orc, wielding a +0 glaive and wearing a +0 robe (lightly wounded)
The zap misses Blork the orc.
A centaur comes into view.
Blork the orc casts a spell at you. The puff of flame hits you!
Aim: Blork the orc, wielding a +0 glaive and wearing a +0 robe (lightly wounded)
The zap hits Blork the orc.
The centaur wields a +1 shortbow of flaming.
It bursts into flame!
The centaur shoots an arrow.
The arrow closely misses you.
Aim: Blork the orc, wielding a +0 glaive and wearing a +0 robe (lightly wounded)
The zap hits Blork the orc.
The centaur shoots an arrow.
The arrow barely misses you.
The centaur shoots an arrow.
The arrow hits you. The arrow burns you.
Blork the orc hits you from afar with a +0 glaive.
Aim: Blork the orc, wielding a +0 glaive and wearing a +0 robe (lightly wounded)
The zap hits Blork the orc.
The centaur shoots an arrow.
The arrow hits you!
* * * LOW HITPOINT WARNING * * *
The arrow burns you.
* * * LOW HITPOINT WARNING * * *
Aim: Blork the orc, wielding a +0 glaive and wearing a +0 robe (moderately wounded)
The zap hits Blork the orc.
The centaur shoots an arrow.
The arrow barely misses you. Blork the orc completely misses you.
It was a potion of flight.
You feel very buoyant.
You swoop lightly up into the air.
Blork the orc closely misses you.
The centaur shoots an arrow.
The arrow barely misses you.
It was a potion of resistance.
You feel protected.
The centaur shoots an arrow.
The arrow misses you. Blork the orc barely misses you.
As you read the scroll labeled HUARIU ASIPS, it crumbles to dust.
You feel blessed for a moment.
It was a scroll of remove curse.
The centaur shoots an arrow.
The arrow completely misses you.
Aim: Blork the orc, wielding a +0 glaive and wearing a +0 robe (moderately wounded)
Okay, then.
Aim: Blork the orc, wielding a +0 glaive and wearing a +0 robe (moderately wounded)
The air twists around and strikes Blork the orc!
Blork the orc points at you and mumbles some strange words.
The puff of frost hits you. You resist.
* * * LOW HITPOINT WARNING * * *
You don't have enough magic to cast that spell.
It was a potion of haste.
You feel yourself speed up.
The centaur shoots an arrow.
The arrow hits you.
You die...

#......####........#########
.$.. #............#.....#
8## .... ##.........##..))##
..8 ....
..#.........#####.## .# ..#
.....รท.......##....#
.............##..#.#
#...........###(.###
##.#.......## ##...#
#####....## #@..# ....#..#
#....# ......... #.oc.#
#..#...#. #.)..# .....#
#..##.. ... ... ##.. ....


You could see Blork the orc and a centaur.

Vanquished Creatures
  2 hounds (D:4)
  Jessica (D:3)
  An orc wizard (D:3)
  A worker ant (D:4)
  Natasha (thrice) (D:4)
  Robin (D:4)
  4 adders
  4 worms
  A dart slug (D:1)
  2 leopard geckos
  10 orcs
  A giant cockroach (D:2)
  10 goblins
  12 hobgoblins
  4 jackals
  2 ball pythons
  10 bats
  5 frilled lizards
  4 kobolds
  5 rats
83 creatures vanquished.

Notes
Turn   | Place    | Note
-------+----------+-------------------------------------------
     0 | D:1      | vurker the Tengu Air Elementalist began the quest for the
                  | Orb.
     0 | D:1      | Reached XP level 1. HP: 10/10 MP: 4/4
   222 | D:1      | Reached XP level 2. HP: 15/15 MP: 0/6
   902 | D:1      | Reached XP level 3. HP: 20/20 MP: 3/7
  1363 | D:2      | Found a burning altar of Makhleb.
  1423 | D:2      | Reached skill level 1 in Fighting
  1566 | D:2      | Found a shadowy altar of Dithmenos.
  2269 | D:3      | Noticed Jessica
  2273 | D:3      | Killed Jessica
  2273 | D:3      | Reached XP level 4. HP: 25/25 MP: 3/8
  2436 | D:3      | Found a sacrificial altar of Ru.
  2555 | D:3      | Reached skill level 5 in Air Magic
  2659 | D:3      | Gained mutation: You can fly continuously. [Tengu growth]
  2659 | D:3      | Reached XP level 5. HP: 15/29 MP: 1/10
  3415 | D:4      | Found an opulent altar of Gozag.
  3659 | D:4      | Noticed Robin
  3664 | D:4      | Noticed Blork the orc
  3716 | D:3      | Learned a level 5 spell: Lightning Bolt
  3721 | D:3      | Learned a level 4 spell: Airstrike
  3735 | D:4      | Reached XP level 6. HP: 28/35 MP: 9/11
  3870 | D:4      | Noticed Natasha
  3877 | D:4      | Killed Natasha
  3881 | D:4      | Killed Robin
  3895 | D:4      | Noticed Natasha
  4005 | D:4      | Killed Natasha
  4042 | D:4      | Noticed Natasha
  4044 | D:4      | Killed Natasha
  4044 | D:4      | Reached skill level 6 in Air Magic
  4276 | D:4      | Shot with an arrow by a centaur

Levels and vault maps discovered:
D:1:      kennysheep_arrival_seaside, layout_basic
D:2:      layout_basic, nicolae_dithmenos_shadow_blocks, interstate_on_off,
          bloody_makhleb
D:3:      layout_loops_ring, lemuel_crystal_altar, uniq_jessica
D:4:      layout_cave_pools, nicolae_gozag_seed_capital,
          nicolae_overflow_hidden_temple, serial_shops, nicolae_shop_stone,
          uniq_blork_the_orc, uniq_natasha, uniq_robin

Skill      XL: |  1  2  3  4  5  6 |
---------------+-------------------+-----
Conjurations   | 2 3 4 |  4.6
Fighting       | 1 2 |  2.1
Air Magic      | 5 6 |  6.1
Spellcasting   | 3 |  3.5
Dodging        | |  2.1
Stealth        | |  2.0
Shields        | |  0.6

Action                   |  1- 3 |  4- 6 || total
-------------------------+-------+-------++-------
Melee: Peck              |     5 |     3 ||     8
       Unarmed           |     1 |       ||     1
       Dagger            |    15 |    18 ||    33
       Kick              |     3 |     7 ||    10
 Cast: Shock             |    80 |   118 ||   198
       Airstrike         |       |     1 ||     1
  Use: Potion            |       |     3 ||     3
       Scroll            |       |     1 ||     1
  Eat: Chunk             |     2 |    20 ||    22
       Ration            |     1 |       ||     1
Armor: Robe              |     4 |     7 ||    11
Dodge: Dodged            |    21 |    30 ||    51
